 Dungeon Crawl Stone Soup version 0.29.1-4-g47bece8355 (webtiles) character file.

Game seed: 3406996970721048940

250 fleris the Grave Robber (level 5, -19/35 HPs)
             Began as a Demonspawn Necromancer on Dec 3, 2022.
             Was an Initiate of Ru.
             Killed from afar by an oklob plant (32 damage)
             ... with a splash of acid
             ... created by the enmity of Fedhas Madash
             ... on level 4 of the Dungeon.
             The game lasted 01:45:19 (6233 turns).

fleris the Grave Robber (Demonspawn Necromancer)    Turns: 6233, Time: 01:45:20

Health: -19/35     AC:  8    Str:  9    XL:     5   Next: 88%
Magic:  2/8        EV: 12    Int: 24    God:    Ru [......]
Gold:   138        SH:  4    Dex: 19    Spells: 2/9 levels left

rFire   . . .      SeeInvis .   x - +11 trident of the Cup {vamp, rElec Stlth+}
rCold   . . .      Faith    .   (no shield)
rNeg    . . .      Spirit   .   l - +2 robe
rPois   .          Reflect  .   (no helmet)
rElec   +          Harm     .   (no cloak)
rCorr   .          Rampage  .   p - +1 pair of gloves
Will    .....                   (no boots)
Stlth   ++++......              (no amulet)
HPRegen 0.11/turn               f - +6 ring of intelligence
MPRegen 0.11/turn               m - +6 ring of dexterity

@: no status effects
A: molten scales 1, condensation shield, demonic magic 1
a: Renounce Religion


You were on level 4 of the Dungeon.
You worshipped Ru.
Ru was noncommittal.
You visited 1 branch of the dungeon, and saw 4 of its levels.

You collected 138 gold pieces.

Inventory:

Hand Weapons
 c - a +0 dagger
 g - a +0 whip
 o - a +4 trident
 r - a +0 whip
 s - a +0 dagger of venom
 x - the +11 trident of the Cup (weapon) {vamp, rElec Stlth+}
   (You took it off an orc on level 4 of the Dungeon)

   It occasionally heals its wielder for a portion of the damage dealt when it
   wounds a living foe.
   rElec:     It insulates you from electricity.
   Stlth:     It makes you more stealthy.
Missiles
 e - 11 poisoned darts
 i - 2 throwing nets
 n - 2 datura-tipped darts
 v - 3 boomerangs
Armour
 a - a +0 robe
 l - a +2 robe (worn)
 p - a +1 pair of gloves (worn)
 u - a +1 robe of cold resistance
Magical Staves
 w - a staff of cold
Jewellery
 f - a +6 ring of intelligence (left hand)
 m - a +6 ring of dexterity (right hand)
 q - a ring of flight
Potions
 b - a potion of magic
 d - 3 potions of curing
 h - 2 potions of brilliance
 j - a potion of resistance
 k - a potion of heal wounds
 z - a potion of ambrosia


   Skills:
 - Level 1.7 Dodging
 + Level 3.0 Stealth
 - Level 2.5 Spellcasting
 * Level 6.7 Necromancy
 * Level 2.0 Invocations


You had 2 spell levels left.
You knew the following spells:

 Your Spells              Type           Power      Damage    Failure   Level
a - Necrotise             Necr           100%       1d9       1%          1
b - Vampiric Draining     Necr           35%        2d8       1%          3
d - Stone Arrow           Conj/Erth      6%         3d7       34%         3

Your spell library contained the following spells:

 Spells                   Type           Power      Damage    Failure   Level
 Ensorcelled Hibernation  Hex/Ice        6%         N/A       17%         2
 Passwall                 Tmut/Erth      2%         N/A       17%         2
 Static Discharge         Conj/Air       3%         3-4/arc   17%         2
 Animate Dead             Necr           35%        N/A       7%          4
 Agony                    Necr           35%        N/A       19%         5
 Swiftness                Air            3%         N/A       34%         3
 Animate Armour           Summ/Erth      6%         N/A       75%         4
 Lightning Bolt           Conj/Air       1%         1d12      97%         5
 Lehudib's Crystal Spear  Conj/Erth      1%         10d2      100%        8
 Maxwell's Capacitive Co  Air            1%         ∞         100%        8


Dungeon Overview and Level Annotations

Branches:
Dungeon (4/15)
 Temple: D:4-7

Altars:
Fedhas
Ru

Shops:
D:1 :   D:3 :

Annotations:
D:4 exclusion: 2 oklob plants


Innate Abilities, Weirdness & Mutations

You are partially covered in molten scales. (AC +2)
A meltable shield of frost defends you. (SH +4)
Spells you cast may paralyse adjacent enemies.


Message History

You start resting.
Plants grow around you in an ominous manner.
Marking area around an oklob plant as unsafe for travelling.
An oklob plant comes into view.
Casting: Stone Arrow (quite dangerous; 34% risk of failure)
Confirm with . or Enter, or press ? or * to list all spells.
The spell is quite dangerous to miscast (34% risk of failure)!
Continue anyway?
Aiming: Stone Arrow (quite dangerous; 34% risk of failure)
Press: ? - help, Shift-Dir - straight line, f/p - wandering mushroom
Aim: a wandering mushroom (severely damaged, durably summoned, 100% to hit)
The stone arrow hits the wandering mushroom.
The wandering mushroom is severely damaged.
Malevolent energies surge around you.
The wandering mushroom suddenly stops moving!
The wandering mushroom barely misses you.
The oklob plant spits acid at you.
Fedhas protects a plant from harm.
The splash of acid misses you.
Fedhas protects a plant from harm.
Casting: Stone Arrow (quite dangerous; 34% risk of failure)
Confirm with . or Enter, or press ? or * to list all spells.
You don't have enough magic to cast this spell.
Aiming: Necrotise (safe; 1% risk of failure)
Press: ? - help, Q - select action, (/) - cycle Shift-Dir - straight line, f/p - wandering mushroom
Aim: a wandering mushroom (severely damaged, durably summoned, chance to affect: 70%)
The wandering mushroom struggles to resist.
Malevolent energies surge around you.
The wandering mushroom releases spores at you but does no damage.
There are monsters nearby!
The wandering mushroom is no longer paralysed.
The wandering mushroom releases spores at you but does no damage.
The wandering mushroom releases spores at you!
You are engulfed in a cloud of spores!
The wandering mushroom releases spores at you!
You are engulfed in a cloud of spores!
The oklob plant spits acid at you.
Fedhas protects a plant from harm.
The splash of acid hits you!!
Ouch! That really hurt!
You die...

.........##.####.#######.#
.........##.####.# #####.#
#........##...##.###P##..#
#........####.####⌠_.'..##
#O.......# #...##⌠_.'..#
#.#####f.P#########
#.Pf.##ff## ####.#..f.#
#.#@##.# #.f.##.# ###.##.#
####.# #.# #.# #.###
##...##### #........#


You could see an oklob plant and 5 wandering mushrooms.

Vanquished Creatures
  An ogre (D:3)
  2 orc wizards (D:4)
  4 adders
  2 worms
  A dart slug (D:3)
  6 orcs
  3 endoplasms (D:1)
  2 giant cockroaches (D:1)
  14 goblins
  4 hobgoblins
  4 kobolds
  4 quokkas
  3 ball pythons
  5 bats
  2 frilled lizards
  9 rats
66 creatures vanquished.

Vanquished Creatures (collateral kills)
  An orc (D:4)
  2 goblins
  A frilled lizard (D:2)
4 creatures vanquished.

Vanquished Creatures (others)
  A plant (D:1)
1 creature vanquished.

Grand Total: 71 creatures vanquished

Notes
Turn   | Place    | Note
-------+----------+-------------------------------------------
     0 | D:1      | fleris the Demonspawn Necromancer began the quest for the
                  | Orb.
     0 | D:1      | Reached XP level 1. HP: 13/13 MP: 3/3
   432 | D:1      | Found a faded altar of an unknown god.
   442 | D:1      | Prayed at the altar of an unknown god.
   442 | D:1      | Became a worshipper of Fedhas Madash
   442 | D:1      | Reached * piety under Fedhas
   650 | D:1      | Gained mutation: A meltable shield of frost defends you.
                  | (SH +4) [demonic ancestry]
   650 | D:1      | Reached XP level 2. HP: 17/19 MP: 0/5
  1605 | D:1      | Found Kiusit's Book Boutique.
  2005 | D:2      | Reached skill level 5 in Necromancy
  2005 | D:2      | Gained mutation: You are partially covered in molten
                  | scales. (AC +2) [demonic ancestry]
  2005 | D:2      | Reached XP level 3. HP: 24/24 MP: 1/6
  2056 | D:2      | Learned a level 3 spell: Vampiric Draining
  2323 | D:2      | Learned a level 2 spell: Passwall
  2338 | D:2      | Reached ** piety under Fedhas
  3930 | D:3      | Reached XP level 4. HP: 30/30 MP: 4/7
  3983 | D:3      | Found Ulyda's Book Emporium.
  4460 | D:3      | Reached skill level 1 in Invocations
  4651 | D:3      | Noticed an ogre
  5045 | D:3      | Killed an ogre
  5046 | D:3      | Reached skill level 6 in Necromancy
  5046 | D:3      | Gained mutation: Spells you cast may paralyse adjacent
                  | enemies. [demonic ancestry]
  5046 | D:3      | Reached XP level 5. HP: 31/35 MP: 1/8
  5237 | D:3      | Learned a level 3 spell: Stone Arrow
  5795 | D:4      | Identified the +11 trident of the Cup {vamp, rElec Stlth+}
  5940 | D:4      | Found a sacrificial altar of Ru.
  5946 | D:4      | Fell from the grace of Fedhas
  5946 | D:4      | Became a worshipper of Ru the Awakened
  6038 | D:4      | Noticed an ogre
  6081 | D:4      | Noticed a wandering mushroom
  6081 | D:4      | Noticed an oklob plant
  6227 | D:4      | Noticed a wandering mushroom
  6227 | D:4      | Noticed a wandering mushroom
  6227 | D:4      | Noticed a wandering mushroom
  6227 | D:4      | Noticed a wandering mushroom
  6227 | D:4      | Noticed an oklob plant
  6233 | D:4      | Killed from afar by an oklob plant

Illustrated notes

Levels and vault maps discovered:
D:1:      dpeg_arrival_tiny_k, layout_basic, serial_shops, shop,
          dreamdust_ecumenical_altar_hidden_monk_grotto, minmay_distorted
D:2:      layout_basic, basic_altar, minmay_tromino_v7
D:3:      layout_basic, mainiacjoe_overflow_alcove_2, serial_shops,
          nicolae_shop_hallway_plus, grunt_decor_arrowhead,
          kennysheep_flooded_box, minmay_ogre_servants
D:4:      layout_rooms, gammafunk_temple_overflow_wave, uniq_natasha,
          uniq_sigmund

Skill      XL: |  1  2  3  4  5 |
---------------+----------------+-----
Stealth        | 2 3 |  3.0
Necromancy     | 5 6 |  6.7
Invocations    | 1 2 |  2.0
Dodging        | |  1.7
Spellcasting   | |  2.5

Action                   |  1- 3 |  4- 6 || total
-------------------------+-------+-------++-------
Melee: Trident           |       |     8 ||     8
 Cast: Necrotise         |    71 |    65 ||   136
       Vampiric Draining |     3 |     5 ||     8
       Passwall          |     2 |       ||     2
       Stone Arrow       |       |     6 ||     6
Invok: Wall of Briars    |     1 |     1 ||     2
  Use: Scroll            |    13 |     5 ||    18
Armor: Robe              |     3 |    19 ||    22
Dodge: Dodged            |    29 |    30 ||    59
Block: Other             |     6 |    10 ||    16
